 Dungeon Crawl Stone Soup version 0.31-a0-963-ga325b2283a (webtiles) character file.

Game seed: 258742988150071776

3359 IdlyInterested the Slicer (level 9, -1/68 HPs)
             Began as a Demonspawn Fighter on Oct 24, 2023.
             Blown up by a centaur (20 damage)
             ... with a mindburst bolt
             ... on level 8 of the Dungeon.
             The game lasted 00:23:50 (6972 turns).

IdlyInterested the Slicer (Demonspawn Fighter)      Turns: 6972, Time: 00:23:52

Health: -1/68      AC: 26    Str: 19    XL:     9   Next: 73%
Magic:  14/15      EV:  8    Int: 17    God:
Gold:   373        SH:  0    Dex: 13    Spells: 16/16 levels left

rFire   . . .        s - +2 eveningstar (protect)
rCold   . . .        (no shield)
rNeg    . . .        g - +0 chain mail
rPois   .            h - +2 helmet
rElec   .            r - +0 cloak
rCorr   +            (no gloves)
SInv    .            (no boots)
Will    .....        q - amulet of regeneration Stlth
                     e - ring of resist corrosion
HPRegen 1.11/turn    m - +6 ring of intelligence
MPRegen 0.14/turn

%: no passive effects
@: mighty, sanguine armoured, under a protective aura
A: sanguine armour 1, demonic magic 1, demonic touch 2
a: no special abilities


You were on level 8 of the Dungeon.
You visited 2 branches of the dungeon, and saw 9 of its levels.

You collected 373 gold pieces.

Inventory:

Hand Weapons
 k - a +0 rapier
 s - a +2 eveningstar of protection (weapon)
 z - a +2 short sword of venom
 G - a +1 dagger of pain
 I - a +3 dagger
 J - a +1 dagger of speed
Missiles
 d - 31 poisoned darts
 i - 45 stones (quivered)
 H - a boomerang
Armour
 a - a +0 scale mail
 g - a +0 chain mail (worn)
 h - a +2 helmet (worn)
 r - a +0 cloak (worn)
 v - a +0 ring mail
Magical Staves
 o - a staff of conjuration
Jewellery
 e - a ring of resist corrosion (left hand)
 f - a ring of fire
 m - a +6 ring of intelligence (right hand)
 q - an amulet of regeneration (around neck)
 x - a ring of ice
Wands
 E - a wand of flame (35)
Scrolls
 b - 2 scrolls of blinking
 l - a scroll of amnesia
 n - a scroll of revelation
 w - 2 scrolls of poison
 y - a scroll of brand weapon
 A - a scroll of teleportation
 D - 2 scrolls of identify
 F - 2 scrolls of enchant weapon
 K - a scroll of vulnerability
Potions
 c - a potion of might
 j - 2 potions of curing
 p - 2 potions of mutation
 t - a potion of enlightenment
 u - a potion of resistance
 B - a potion of haste
 C - a potion of cancellation


   Skills:
 - Level 5.0 Fighting
 * Level 9.5 Short Blades
 - Level 2.0 Throwing
 - Level 3.0 Armour
 + Level 1.0 Dodging
 - Level 4.0 Stealth
 - Level 2.6 Shields
 - Level 4.0 Unarmed Combat
 - Level 4.0 Spellcasting
 - Level 1.0 Evocations


You had 16 spell levels left.
You didn't know any spells.
Your spell library contained the following spells:

 Spells                   Type           Power      Damage    Failure   Level
 Inner Flame              Hex/Fire       3%         N/A       99%         3
 Ozocubu's Armour         Ice            3%         N/A       99%         3
 Volatile Blastmotes      Fire/Tloc      6%         2d10      99%         3
 Fireball                 Conj/Fire      1%         3d3       100%        5
 Ozocubu's Refrigeration  Ice            1%         4d7       100%        7
 Shatter                  Erth           1%         3d6*      100%        9


Dungeon Overview and Level Annotations

Branches:
Dungeon (8/15)             Temple (1/1) D:5
   Lair: D:8-11

Altars:
Ashenzari
Cheibriados
Dithmenos
Fedhas
Gozag
Hepliaklqana
Kikubaaqudgha
Makhleb
Okawaru
Sif Muna
Trog
Uskayaw
Wu Jian
Xom
Yredelemnul

Shops:
D:5 *   D:6 *

Annotations:
D:8 Maggie


Innate Abilities, Weirdness & Mutations

When seriously injured, your blood forms armour. (AC +6)
Spells you cast may paralyse adjacent enemies.
Your touch may inflict irresistible damage on your foes.


Message History

You struggle to resist.
The bullfrog hits you but does no damage. x2
The centaur shoots an arrow.
The arrow barely misses you.
The arrow hits Pikel!
Pikel completely misses you.
The bullfrog hits you but does no damage. x2
The centaur zaps a wand.
Your mind is blasted!
You closely miss Pikel.
You touch Pikel.
Pikel is severely wounded.
The bullfrog hits you but does no damage. x2
Pikel hits you but does no damage. The lemure hits you but does no damage.
The centaur zaps a wand.
Your mind is blasted!
* * * LOW HITPOINT WARNING * * *
The bullfrog hits you but does no damage. x2
The lemure hits you but does no damage. Pikel barely misses you.
The centaur zaps a wand.
You struggle to resist.
You puncture Pikel!
You kill Pikel!
With Pikel's spell broken, his former minions thank you for their freedom.
The lemure departs this earthly plane. x4
The bullfrog hits you but does no damage.
The bullfrog hits you.
* * * LOW HITPOINT WARNING * * *
The bullfrog hits you but does no damage. x2
The centaur zaps a wand.
You struggle to resist.
The bullfrog closely misses you.
Training target 4.0 for Spellcasting reached!
Your Spellcasting skill increases to level 4!
You feel better.
The bullfrog hits you but does no damage.
The centaur unwields a +0 shortbow.
The centaur hits you but does no damage.
The centaur kicks you but does no damage.
The bullfrog hits you but does no damage. x2
You barely miss the centaur. The centaur hits you.
* * * LOW HITPOINT WARNING * * *
The centaur kicks you but does no damage.
The bullfrog closely misses you.
The bullfrog hits you but does no damage.
The centaur zaps a wand.
Your mind is blasted!
You die...

,,,,,***,,......,##..##*
,,,,**,,<.......##....#####
,,*,**,,,........##.......##
,,,,,,,,,..................#
,**,*,,,,..................######
,****,,,,#..............#..#.#...
,,,**,,,,#....§§§..........#.#...
,,,8,,,,,,..#..)§................
8,,,,,8,,,,*#..#@c.........###...
,,,,,,,,,*....,#FF......#........
,,,,,,,,,,.#....c§......#........
,,,∩,,,,8,*#....$......###.......
,,,,,,,,,,,#5....................
,,,,,,,,,,.......#######...######
8,,,,,8,,..>...^.#***~~~~.♣♣*~***
,,,8,,,,,........#*,~***,~*,~*~,*
,,,,,*,,,........#,~,***~,*~,*,~,


You could see 2 bullfrogs and 2 centaurs.

Vanquished Creatures
  A hydra (D:8)
  Pikel (D:8)
  A water moccasin (D:7)
  6 ice beasts
  A sky beast (D:6)
  A black bear (D:5)
  2 ogres
  2 centaurs (D:7)
  A phantom (D:6)
  A kobold brigand (D:7)
  2 bullfrogs (D:6)
  3 scorpions
  2 howler monkeys
  2 jellies
  A sleepcap (D:7)
  3 hounds (D:5)
  5 iguanas
  2 hell rats (D:7)
  Terence (D:2)
  Robin (D:3)
  4 adders
  3 gnolls (D:5)
  9 river rats (D:7)
  A shadow imp (D:8)
  2 white imps
  4 ufetubi (D:6)
  A dart slug (D:5)
  8 orcs
  4 ball pythons
  4 endoplasms
  2 giant cockroaches
  14 goblins
  10 hobgoblins
  9 jackals
  11 quokkas
  2 bats
  9 frilled lizards
  11 kobolds
  20 rats
  A spectral kobold (D:2)
168 creatures vanquished.

Notes
Turn   | Place    | Note
-------+----------+-------------------------------------------
     0 | D:1      | IdlyInterested the Demonspawn Fighter began the quest for
                  | the Orb.
     0 | D:1      | Reached XP level 1. HP: 18/18 MP: 1/1
   154 | D:1      | You fall into a shaft and drop 1 floor!
   215 | D:2      | Gained mutation: When seriously injured, your blood forms
                  | armour. (AC +6) [demonic ancestry]
   215 | D:2      | Reached XP level 2. HP: 24/24 MP: 2/2
   381 | D:1      | Reached skill level 1 in Dodging
   841 | D:1      | Gained mutation: Your touch may inflict minor irresistible
                  | damage on your foes. [demonic ancestry]
   841 | D:1      | Reached XP level 3. HP: 27/29 MP: 3/3
  1020 | D:2      | Reached skill level 1 in Throwing
  1129 | D:2      | Noticed Terence
  1138 | D:2      | Killed Terence
  1139 | D:2      | Reached skill level 1 in Stealth
  1159 | D:2      | Reached XP level 4. HP: 19/37 MP: 4/4
  1286 | D:2      | Found a faded altar of an unknown god.
  1415 | D:2      | Reached skill level 1 in Evocations
  1744 | D:3      | Found a broken altar of Ashenzari.
  1898 | D:3      | Found an ornate altar of the Wu Jian Council.
  1905 | D:3      | Noticed Robin
  1936 | D:3      | Killed Robin
  2051 | D:3      | Gained mutation: Spells you cast may paralyse adjacent
                  | enemies. [demonic ancestry]
  2051 | D:3      | Reached XP level 5. HP: 43/43 MP: 5/5
  3067 | D:5      | Entered Level 5 of the Dungeon
  3157 | D:5      | Reached skill level 5 in Fighting
  3340 | D:5      | Reached skill level 1 in Short Blades
  3354 | D:5      | Found Uxzeolou's General Store.
  3357 | D:5      | Gained mutation: Your touch may inflict irresistible damage
                  | on your foes. [demonic ancestry]
  3357 | D:5      | Reached XP level 6. HP: 51/51 MP: 6/6
  3362 | D:5      | Reached skill level 2 in Short Blades
  3521 | D:5      | Reached skill level 1 in Spellcasting
  3541 | D:5      | Noticed an ice beast
  3547 | D:5      | Killed an ice beast
  3548 | D:5      | Reached skill level 3 in Short Blades
  3548 | D:5      | Reached XP level 7. HP: 56/56 MP: 7/10
  3626 | D:5      | Found a bloodstained altar of Trog.
  3649 | D:5      | Found a staircase to the Ecumenical Temple.
  3659 | Temple   | Entered the Ecumenical Temple
  3831 | D:5      | Reached skill level 4 in Short Blades
  3923 | D:5      | Found a snail-covered altar of Cheibriados.
  4135 | D:6      | Reached skill level 5 in Short Blades
  4193 | D:6      | Reached XP level 8. HP: 59/62 MP: 11/11
  4292 | D:6      | Reached skill level 6 in Short Blades
  4384 | D:6      | Found Ytuatieh's Elemental Accessories.
  5018 | D:6      | Found an ancient bone altar of Kikubaaqudgha.
  5020 | D:6      | Found a shimmering blue altar of Sif Muna.
  5025 | D:6      | Found a hazy altar of Hepliaklqana.
  5025 | D:6      | Found a shimmering altar of Xom.
  5202 | D:7      | Identified the of Vedov
  5525 | D:7      | Reached skill level 7 in Short Blades
  6132 | D:7      | Reached XP level 9. HP: 64/68 MP: 12/12
  6213 | D:7      | Found a shadowy altar of Dithmenos.
  6319 | D:7      | Reached skill level 8 in Short Blades
  6877 | D:8      | Noticed an eight-headed hydra
  6892 | D:8      | Killed an eight-headed hydra
  6947 | D:8      | Reached skill level 9 in Short Blades
  6958 | D:8      | Noticed Pikel
  6961 | D:8      | Noticed Maggie
  6970 | D:8      | Killed Pikel
  6972 | D:8      | Blown up by a centaur

Illustrated notes

Levels and vault maps discovered:
D:1:      saegor_arrival_simple_b, layout_loops_ring,
          chequers_serial_rivers_micro_e, minmay_misc_feat_alley,
          corner_web_ring
D:2:      layout_rooms, dreamdust_ecumenical_altar_drowned_temple,
          roderic_lattice_a, minmay_tall_x, uniq_terence
D:3:      layout_loops_ring, mainiacjoe_overflow_concentric_impassable,
          mainiacjoe_overflow_catwalk, amcnicky_mini_rare_corridor_liquid,
          uniq_robin
D:4:      layout_rooms, elyvilon_altar_1, minivault_23
D:5:      layout_basic, nicolae_overflow_hidden_temple, temple_statues,
          chequers_serial_rivers_room_b, kennysheep_small_square
D:6:      layout_basic, minitemple, nicolae_elemental_shop
D:7:      lemuel_ratsnest, layout_layer_cave, mainiacjoe_overflow_paths,
          lightli_orcish_oven
D:8:      nzn_winding_woodlands_small [nzn_winding_woodlands_5x15_crooked,
          nzn_winding_woodlands_center_triple_pond,
          nzn_winding_woodlands_5x15_lazy_stream], layout_cave_pools,
          minmay_overflow_temple_star_quad, enter_bailey_6, uniq_grum,
          uniq_erica, uniq_maggie, uniq_pikel
Temple:   nicolae_temple_stand_before_the_council

Skill      XL: |  1  2  3  4  5  6  7  8  9 |
---------------+----------------------------+-----
Armour         | 3 |  3.0
Dodging        | 1 |  1.0
Throwing       | 1 2 |  2.0
Fighting       | 4 5 |  5.0
Stealth        | 1 2 4 |  4.0
Evocations     | 1 |  1.0
Unarmed Combat | 2 3 4 |  4.0
Short Blades   | 1 3 5 7 9 |  9.5
Spellcasting   | 2 4 |  4.0
Shields        | |  2.6

Action                     |  1- 3 |  4- 6 |  7- 9 || total
---------------------------+-------+-------+-------++-------
  Melee: Unarmed           |   116 |       |       ||   116
         Whip              |    20 |       |       ||    20
         Eveningstar       |    10 |   117 |   205 ||   332
         Touch             |     4 |    21 |    35 ||    60
         Punch             |     2 |     1 |     5 ||     8
         Short sword       |       |       |    13 ||    13
         Dagger            |       |       |     9 ||     9
  Throw: Stone             |       |     3 |    19 ||    22
    Use: Scroll            |     4 |    12 |     2 ||    18
         Potion            |       |     4 |     5 ||     9
   Stab: Distracted        |       |     1 |       ||     1
 Armour: Scale mail        |    94 |    73 |       ||   167
         Chain mail        |       |    49 |   307 ||   356
  Dodge: Dodged            |    72 |    64 |   133 ||   269
  Block: Buckler           |    29 |       |       ||    29

Table legend: (Time is in decaauts)
 A = Elapsed time spent in this place.
 B = Non-inter-level travel time spent in this place.
 C = Inter-level travel time spent in this place.
 D = Time resting spent in this place.
 E = Time spent auto-exploring this place.
 F = Levels seen in this place.
 G = Mean time per level.
                   A        B        C        D        E       F      G
               +--------+--------+--------+--------+--------+-----+--------+
         Total |   7112 |   6226 |    886 |    294 |   4167 |   9 |  790.2 |
       Dungeon |   7110 |   6224 |    886 |    294 |   4167 |   8 |  888.8 |
        Temple |      1 |      1 |      0 |      0 |      0 |   1 |    1.0 |
               +--------+--------+--------+--------+--------+-----+--------+

Top non-repeatable levels by time:
     D:7: 1452 daAuts
     D:6: 1322 daAuts
     D:1: 984 daAuts
     D:5: 925 daAuts
     D:4: 858 daAuts
     D:2: 771 daAuts
     D:3: 701 daAuts
     D:8: 93 daAuts
  Temple: 1 daAuts
